[Event "Titled Tuesday Blitz December 06 Early 2022"]
[White "Kuchava, Ana"]
[Black "Crevatin, Leo"]
[WhiteFideId "13605348"]
[BlackFideId "1726307"]
[WhiteElo "2001"]
[BlackElo "2190"]
[Result "0-1"]
[Round "03"]
[TimeControl "180+1"]
[Date "2022.12.07"]
[WhiteClock "0:00:01"]
[BlackClock "0:00:12"]

1. d4 Nf6 2. Nf3 d5 3. c4 e6 4. Nc3 Bb4 5. Qa4+ Nc6 6. e3 O-O 7. Bd3 dxc4 8. Bxc4 Bd6 9. O-O e5 10. d5 Ne7 11. e4 a6 12. Bd3 Ng6 13. Qc2 Re8 14. h3 Nf4 15. Bxf4 exf4 16. Rfe1 Nd7 17. e5 Nxe5 18. Bxh7+ Kh8 19. Nxe5 Bxe5 20. Bf5 Qf6 21. Bxc8 Raxc8 22. Ne4 Qg6 23. Qb3 Bd4 24. Qf3 f5 25. Nc3 Qg5 26. Re2 Rxe2 27. Qxe2 Rd8 28. Re1 Rd6 29. Qe8+ Kh7 30. Re6 Rd8 31. Qf7 f3 32. g4 fxg4 33. Ne4 Qh4 34. Qg6+ Kh8 35. Qxg4 Qxg4+ 36. hxg4 Rxd5 0-1


[Site "https://www.chess.com"]

[Event "Titled Tuesday Blitz December 06 Early 2022"]
[White "Kvaloy, Aksel Bu"]
[Black "Liu, Casper"]
[WhiteFideId "1528815"]
[BlackFideId "1454153"]
[WhiteElo "2184"]
[BlackElo "2217"]
[Result "1-0"]
[Round "03"]
[TimeControl "180+1"]
[Date "2022.12.07"]
[WhiteClock "0:00:20"]
[BlackClock "0:00:47"]

1. e4 c5 2. Nf3 d6 3. d4 cxd4 4. Nxd4 Nf6 5. Nc3 a6 6. h4 e5 7. Nb3 Be6 8. f4 Nbd7 9. f5 Bxb3 10. axb3 Nc5 11. Qf3 Be7 12. g4 h6 13. g5 hxg5 14. hxg5 Rxh1 15. Qxh1 Nfd7 16. b4 Bxg5 17. Bxg5 Qxg5 18. bxc5 O-O-O 19. c6 Qg3+ 20. Kd1 Nf6 21. cxb7+ Kb8 22. Rxa6 Kxb7 23. Kc1 d5 24. exd5 e4 25. b3 Qxc3 26. Qg1 e3 27. d6 Ne4 28. Qg2 Qe1+ 29. Kb2 Qc3+ 30. Kb1 Qd4 31. Ra4 Qd1+ 32. Kb2 Rxd6 33. Qxe4+ Kb8 34. Qa8+ Kc7 35. Ra7+ Kb6 36. Qb7+ Kc5 37. Ra5+ Kd4 38. Qb4# 1-0


[Site "https://www.chess.com"]

[Event "Titled Tuesday Blitz December 06 Early 2022"]
[White "Lamaze, Simon"]
[Black "Bon, Michael"]
[WhiteFideId "36069264"]
[BlackFideId "620696"]
[WhiteElo "2272"]
[BlackElo "2384"]
[Result "1-0"]
[Round "03"]
[TimeControl "180+1"]
[Date "2022.12.07"]
[WhiteClock "0:00:57"]
[BlackClock "0:00:04"]

1. e4 c5 2. Nf3 d6 3. d4 cxd4 4. Nxd4 Nf6 5. Nc3 Nc6 6. Bg5 e6 7. Bb5 Bd7 8. Qd3 Be7 9. O-O-O O-O 10. Bxc6 bxc6 11. Rhe1 Qa5 12. f4 Rfe8 13. e5 dxe5 14. fxe5 Nd5 15. Bxe7 Rxe7 16. Nb3 Qc7 17. Na4 c5 18. Naxc5 Bc6 19. a3 a5 20. Qc4 a4 21. Nd4 Be8 22. b4 axb3 23. cxb3 Rxa3 24. Kb2 Qa5 25. Ra1 Ra7 26. Na4 Rxa1 27. Rxa1 Qd2+ 28. Nc2 h6 29. Qd4 Qa5 30. Nb6 Qb5 31. Rxa7 Nxb6 32. Rc7 Kh7 33. Rc5 Qa6 34. Nb4 Qb7 35. Qd3+ g6 36. Qd8 Qxg2+ 37. Rc2 1-0


[Site "https://www.chess.com"]

[Event "Titled Tuesday Blitz December 06 Early 2022"]
[White "Larina, Maria"]
[Black "Farmani Anosheh, Armin"]
[WhiteFideId "24113182"]
[BlackFideId "24613240"]
[WhiteElo "1848"]
[BlackElo "2289"]
[Result "1-0"]
[Round "03"]
[TimeControl "180+1"]
[Date "2022.12.07"]
[WhiteClock "0:00:28"]
[BlackClock "0:00:11"]

1. e4 c5 2. Nc3 Nc6 3. g3 g6 4. Bg2 Bg7 5. Nge2 d6 6. d3 e5 7. O-O Nge7 8. Be3 Be6 9. Qd2 Nd4 10. Nd1 O-O 11. c3 Nxe2+ 12. Qxe2 Qc7 13. Qd2 d5 14. Bh6 Rad8 15. Bxg7 Kxg7 16. Qe2 c4 17. dxc4 dxe4 18. Qxe4 Bxc4 19. Re1 f6 20. f4 Bd5 21. Qe2 Bxg2 22. Kxg2 Nc6 23. f5 Ne7 24. fxg6 hxg6 25. Ne3 Qc6+ 26. Kg1 Rd7 27. Rad1 Rfd8 28. Rxd7 Rxd7 29. Rd1 Rxd1+ 30. Qxd1 Qc5 31. Qe2 Nf5 32. Kf2 Qb6 33. b3 Qc5 34. Qd2 Kh7 35. Qd7+ Kh6 36. Qd2 g5 37. Ke2 Nd6 38. Ng4+ Kg7 39. Ne3 Qc6 40. Qxd6 Qxc3 41. Qd7+ Kg6 42. Qf5+ Kg7 43. Qd7+ Kg6 44. Qd3+ 1-0


[Site "https://www.chess.com"]

[Event "Titled Tuesday Blitz December 06 Early 2022"]
[White "Lawson, Eric"]
[Black "Lacasa Diaz, Jose Antonio"]
[WhiteFideId "2604116"]
[BlackFideId "2203375"]
[WhiteElo "2569"]
[BlackElo "2338"]
[Result "1-0"]
[Round "03"]
[TimeControl "180+1"]
[Date "2022.12.07"]
[WhiteClock "0:01:42"]
[BlackClock "0:01:05"]

1. d4 d5 2. Bf4 e6 3. c3 Bd6 4. g3 Nf6 5. Nd2 c5 6. Ngf3 cxd4 7. cxd4 Nc6 8. Bxd6 Qxd6 9. a3 O-O 10. Bg2 Bd7 11. O-O Rfc8 12. b4 Ne7 13. Ne5 Ng6 14. f4 a5 15. Qb3 a4 16. Qb2 Bb5 17. Bf3 Qa6 18. Kf2 Ne7 19. Rfc1 Nf5 20. g4 Nd6 21. g5 Nfe4+ 22. Nxe4 dxe4 23. Bg4 Qb6 24. Rc5 Qd8 25. d5 Nf5 26. Rxb5 1-0


[Site "https://www.chess.com"]

[Event "Titled Tuesday Blitz December 06 Early 2022"]
[White "Leve, Nitai"]
[Black "Mgeladze, Tamaz"]
[WhiteFideId "2006898"]
[BlackFideId "13601202"]
[WhiteElo "2144"]
[BlackElo "2288"]
[Result "0-1"]
[Round "03"]
[TimeControl "180+1"]
[Date "2022.12.07"]
[WhiteClock "0:00:11"]
[BlackClock "0:01:35"]

1. e4 c5 2. Nf3 g6 3. d4 cxd4 4. Nxd4 Bg7 5. Nc3 Nc6 6. Be3 Nf6 7. Be2 O-O 8. f4 d6 9. Nb3 a5 10. a4 Be6 11. g4 Rc8 12. g5 Nd7 13. h4 Bxb3 14. cxb3 Nb4 15. h5 Bxc3+ 16. bxc3 Rxc3 17. Bd4 Nc2+ 18. Kf2 Nxd4 19. Qxd4 Rc2 20. hxg6 fxg6 21. Rxh7 e5 22. Rxd7 Qxd7 23. Qd5+ Qf7 24. Qxf7+ Rxf7 25. Ke3 exf4+ 26. Kd3 Rc5 27. Bg4 Kg7 28. Be6 Rxg5 29. Bxf7 Kxf7 30. Rc1 Rc5 31. Rh1 Kg7 32. Kd4 g5 33. Rg1 Kg6 34. Rh1 g4 35. Rh8 g3 36. Rd8 Rg5 37. Rxd6+ Kh5 0-1


[Site "https://www.chess.com"]

[Event "Titled Tuesday Blitz December 06 Early 2022"]
[White "Li, Hui"]
[Black "Shuvalov, Evgenij"]
[WhiteFideId "15400310"]
[BlackFideId "4187237"]
[WhiteElo "1954"]
[BlackElo "2049"]
[Result "1/2-1/2"]
[Round "03"]
[TimeControl "180+1"]
[Date "2022.12.07"]
[WhiteClock "0:00:05"]
[BlackClock "0:00:42"]

1. e4 e6 2. d4 d5 3. exd5 exd5 4. Bd3 c5 5. Nf3 c4 6. Be2 Nf6 7. O-O Be7 8. b3 cxb3 9. axb3 O-O 10. Ne5 Nc6 11. Bf4 Nxe5 12. Bxe5 Bf5 13. Bd3 Bxd3 14. Qxd3 a6 15. c4 dxc4 16. bxc4 Nd7 17. Bf4 Bf6 18. Be3 Re8 19. Nd2 Rc8 20. Nf3 h6 21. Rab1 Qc7 22. Rfc1 Red8 23. Qe4 b6 24. h3 a5 25. Qf5 Qc6 26. Nd2 g6 27. Qe4 Qd6 28. Bxh6 Qxd4 29. Qxd4 Bxd4 30. Nf3 Bc5 31. Rd1 Nf8 32. Bg5 Rxd1+ 33. Rxd1 Ne6 34. Bf6 Bf8 35. Ne5 Bg7 36. Bxg7 Kxg7 37. Rd6 Rc5 38. Nd7 Rxc4 39. Nxb6 Rd4 40. Rxd4 Nxd4 41. Nc4 a4 42. Na3 Kf6 43. Kf1 Ke5 44. Ke1 Kd5 45. Kd2 Kc5 46. h4 Kb4 47. Nc2+ Nxc2 48. Kxc2 Kc4 49. g4 Kd4 50. h5 gxh5 51. gxh5 Ke5 52. Kb2 Kf5 53. Ka3 Kg5 54. Kxa4 Kxh5 55. Kb3 Kg4 56. Kc4 Kf3 57. Kd5 f5 58. Ke5 f4 59. Kf5 Kxf2 60. Kxf4 1/2-1/2


[Site "https://www.chess.com"]

[Event "Titled Tuesday Blitz December 06 Early 2022"]
[White "Liu, Xiangyi"]
[Black "Jimenez Almeida, Luis David"]
[WhiteFideId "8605718"]
[BlackFideId "22242244"]
[WhiteElo "2323"]
[BlackElo "2158"]
[Result "1-0"]
[Round "03"]
[TimeControl "180+1"]
[Date "2022.12.07"]
[WhiteClock "0:00:09"]
[BlackClock "0:00:01"]

1. e4 Nf6 2. e5 Nd5 3. d4 d6 4. Nf3 c6 5. c4 Nb6 6. Nc3 Bg4 7. h3 Bxf3 8. Qxf3 dxe5 9. dxe5 Qd4 10. e6 Qe5+ 11. Qe3 Qxe6 12. Qxe6 fxe6 13. Be3 g6 14. O-O-O Bg7 15. Ne4 N8d7 16. Ng5 Nf8 17. Be2 h6 18. Ne4 Nfd7 19. Bg4 Kf7 20. b3 Rad8 21. Rhe1 Nf6 22. Rxd8 Rxd8 23. Nxf6 Bxf6 24. Bxe6+ Kg7 25. Kc2 Bg5 26. Bc5 Nd7 27. Bxa7 Ra8 28. Bd4+ Bf6 29. Bxf6+ Nxf6 30. a4 c5 31. Bd5 Nxd5 32. cxd5 Kf7 33. Kc3 Ra6 34. Kc4 Rf6 35. f3 b6 36. Re6 Rf4+ 37. Kc3 Rb4 38. Rc6 h5 39. Rc7 Kf6 40. Rb7 h4 41. f4 Kf5 42. Rxe7 Rd4 43. Re6 Rxd5 44. Rxb6 Rd4 45. Rb5 Rxf4 46. Rxc5+ Kf6 47. Rc4 Rf2 48. Rg4 g5 49. a5 Rf5 50. Kb4 Ke6 51. a6 Kd6 52. a7 Rf8 53. Rxg5 Kc6 54. Ra5 Rf4+ 55. Ka3 Kb6 56. a8=Q Ra4+ 57. Rxa4 1-0


[Site "https://www.chess.com"]

[Event "Titled Tuesday Blitz December 06 Early 2022"]
[White "Lorenzo De La Riva, Lazaro"]
[Black "Buksa, Nataliya"]
[WhiteFideId "2268809"]
[BlackFideId "14123622"]
[WhiteElo "2294"]
[BlackElo "2303"]
[Result "0-1"]
[Round "03"]
[TimeControl "180+1"]
[Date "2022.12.07"]
[WhiteClock "0:00:27"]
[BlackClock "0:01:27"]

1. e4 c5 2. Nf3 Nc6 3. d4 cxd4 4. Nxd4 e5 5. Nb5 d6 6. N1c3 a6 7. Na3 Nf6 8. Bg5 Be7 9. Bxf6 Bxf6 10. Nd5 O-O 11. c3 Bg5 12. Nc2 Be6 13. h4 Bh6 14. a4 Ne7 15. Ncb4 Kh8 16. a5 f5 17. Nxe7 Qxe7 18. exf5 Bxf5 19. Nd5 Qf7 20. f3 Be6 21. Nb6 Rad8 22. Be2 d5 23. O-O Be3+ 24. Kh1 d4 25. Qc2 Bf5 26. Bd3 dxc3 27. Bxf5 Qxf5 28. Qxf5 Rxf5 29. bxc3 h5 30. g4 Rf4 31. Kg2 Rd2+ 32. Kg3 Bxb6 33. axb6 hxg4 34. fxg4 Rd3+ 35. Kh2 Rxg4 36. Rf8+ Kh7 37. Rb8 Rd6 38. Rxb7 Rh6 0-1


[Site "https://www.chess.com"]

[Event "Titled Tuesday Blitz December 06 Early 2022"]
[White "Madaminov, Mukhiddin"]
[Black "Moksh Amit Doshi"]
[WhiteFideId "14210703"]
[BlackFideId "25064967"]
[WhiteElo "2333"]
[BlackElo "2297"]
[Result "1-0"]
[Round "03"]
[TimeControl "180+1"]
[Date "2022.12.06"]
[WhiteClock "0:00:51"]
[BlackClock "0:00:04"]

1. d4 Nf6 2. Nc3 d5 3. Bf4 e6 4. Nb5 Na6 5. e3 Be7 6. Be2 O-O 7. Nf3 c6 8. Nc3 c5 9. O-O Nb4 10. Ne5 Bd7 11. Nb1 Rc8 12. c3 Nc6 13. Nd2 Nxe5 14. Bxe5 Qb6 15. Qb3 c4 16. Qc2 Qd8 17. e4 Bc6 18. exd5 exd5 19. Rfe1 Bd6 20. Bf3 Re8 21. Qf5 Be7 22. Bxf6 Bxf6 23. Rxe8+ Qxe8 24. Bxd5 g6 25. Ne4 Bg7 26. Bxf7+ Qxf7 27. Qxc8+ Bf8 28. Ng5 Qf4 29. Ne6 Qe4 30. Qxf8# 1-0


[Site "https://www.chess.com"]

[Event "Titled Tuesday Blitz December 06 Early 2022"]
[White "Makhmudov, Shukhrat"]
[Black "Turzo, Attila"]
[WhiteFideId "14200775"]
[BlackFideId "704954"]
[WhiteElo "2135"]
[BlackElo "2487"]
[Result "0-1"]
[Round "03"]
[TimeControl "180+1"]
[Date "2022.12.07"]
[WhiteClock "0:00:16"]
[BlackClock "0:01:27"]

1. e4 e5 2. Nf3 Nc6 3. Bb5 a6 4. Ba4 Nf6 5. O-O Be7 6. Bxc6 dxc6 7. d3 Nd7 8. Nbd2 O-O 9. Nc4 Bd6 10. b3 c5 11. Bb2 f6 12. Nh4 g6 13. Nf3 Rf7 14. Ne3 Nf8 15. Nd5 c6 16. Ne3 Ne6 17. a4 Nd4 18. Nd2 a5 19. Ndc4 Bc7 20. Ba3 b6 21. Rb1 Kg7 22. h3 Ne6 23. g3 Nd4 24. Kg2 f5 25. exf5 gxf5 26. f4 exf4 27. gxf4 Qh4 28. Qe1 Qh5 29. Bb2 Rf6 30. Kh2 Rg6 31. Rg1 Kf7 32. Ne5+ Bxe5 33. Bxd4 Bxf4+ 0-1


[Site "https://www.chess.com"]

[Event "Titled Tuesday Blitz December 06 Early 2022"]
[White "Manukyan, Sargis A."]
[Black "Ciuffoletti, Paolo"]
[WhiteFideId "13303970"]
[BlackFideId "807630"]
[WhiteElo "2187"]
[BlackElo "2143"]
[Result "1-0"]
[Round "03"]
[TimeControl "180+1"]
[Date "2022.12.07"]
[WhiteClock "0:00:36"]
[BlackClock "0:00:07"]

1. Nf3 d5 2. c4 c6 3. e3 Nf6 4. Nc3 g6 5. d4 Bg7 6. Bd3 Bg4 7. Qb3 Qb6 8. c5 Qxb3 9. axb3 Bxf3 10. gxf3 Nbd7 11. b4 e5 12. b5 Nh5 13. Ra4 O-O 14. Kd1 exd4 15. exd4 cxb5 16. Nxb5 a6 17. Nc7 b5 18. Bxb5 axb5 19. Rxa8 Rxa8 20. Nxa8 Bxd4 21. c6 Nb6 22. Re1 Kf8 23. Bh6+ Ng7 24. Nc7 f5 25. Ne6+ 1-0


[Site "https://www.chess.com"]

[Event "Titled Tuesday Blitz December 06 Early 2022"]
[White "Matinian, Nikita"]
[Black "Durarbayli, Vasif"]
[WhiteFideId "24129100"]
[BlackFideId "13402935"]
[WhiteElo "2422"]
[BlackElo "2576"]
[Result "0-1"]
[Round "03"]
[TimeControl "180+1"]
[Date "2022.12.06"]
[WhiteClock "0:00:06"]
[BlackClock "0:00:14"]

1. e4 c5 2. Nf3 e6 3. d4 cxd4 4. Nxd4 Nf6 5. Nc3 d6 6. Be2 Be7 7. g4 Nc6 8. g5 Nd7 9. Be3 a6 10. h4 Qc7 11. f4 b5 12. a3 Bb7 13. Qd2 Na5 14. O-O-O Nc4 15. Bxc4 Qxc4 16. f5 Rc8 17. h5 e5 18. Nb3 Qc7 19. g6 fxg6 20. hxg6 h6 21. Kb1 Nf6 22. Rh4 Bc6 23. Bxh6 gxh6 24. Rxh6 Rg8 25. Qd3 Bf8 26. Rh4 Rd8 27. Rdh1 Bg7 28. Nd2 Qb7 29. Rh7 a5 30. Nd5 Bxd5 31. exd5 Qxd5 32. Qxd5 Nxd5 33. Ne4 Rd7 34. Rxg7 Rdxg7 35. Nxd6+ Kd7 36. Ne4 Rf8 37. Rd1 Kc6 38. f6 Rxf6 39. Nxf6 Nxf6 40. Re1 Kd6 41. Rg1 Ke6 42. b4 axb4 43. axb4 Nd5 44. c3 Nxc3+ 45. Kc2 Nd5 46. Kb3 e4 47. Rg4 Kf5 48. Rg1 Rxg6 49. Rc1 Rg3+ 50. Kb2 Nxb4 51. Rc5+ Kf4 52. Rxb5 Nd3+ 53. Kc3 Rg2 54. Kd4 Ne5 55. Rb8 Rd2+ 56. Kc3 Nf3 57. Rf8+ Ke3 58. Re8 Rd7 0-1


[Site "https://www.chess.com"]

[Event "Titled Tuesday Blitz December 06 Early 2022"]
[White "Matveeva, Olga"]
[Black "Demin, Vladimir"]
[WhiteFideId "24107018"]
[BlackFideId "4167457"]
[WhiteElo "2056"]
[BlackElo "2559"]
[Result "0-1"]
[Round "03"]
[TimeControl "180+1"]
[Date "2022.12.07"]
[WhiteClock "0:00:26"]
[BlackClock "0:01:01"]

1. d4 Nf6 2. c4 e5 3. dxe5 Ng4 4. Nf3 Bc5 5. e3 Nc6 6. Be2 O-O 7. O-O Ngxe5 8. Nxe5 Nxe5 9. Nc3 d6 10. b3 Bf5 11. Bb2 Re8 12. a3 a5 13. Nd5 c6 14. Nf4 Be4 15. Bd4 Qg5 16. Bxc5 dxc5 17. f3 Rad8 18. Qc1 Bd3 19. Bxd3 Nxd3 20. Nxd3 Rxd3 21. e4 Qxc1 22. Rfxc1 Rxb3 23. Rab1 Rxb1 24. Rxb1 Re7 25. Kf2 Rd7 26. Ke3 f6 27. h4 Kf7 28. h5 Ke7 29. g4 Kd8 30. Rb2 Kc7 31. Rb1 Rd4 32. Rc1 a4 33. f4 Kd6 34. Rc2 b5 35. Rc1 bxc4 36. Rc3 Ke6 37. Rc1 g6 38. hxg6 hxg6 39. Rc3 f5 40. gxf5+ gxf5 41. e5 Kd5 42. Rc1 Re4+ 43. Kf3 Kd4 44. Rd1+ Kc3 45. Rd6 Kb3 46. Rxc6 Kxa3 47. Rxc5 Kb3 48. e6 Rxe6 49. Rxf5 a3 50. Ra5 a2 51. f5 Re5 0-1


[Site "https://www.chess.com"]

[Event "Titled Tuesday Blitz December 06 Early 2022"]
[White "Mazurkiewicz, Michal"]
[Black "Levine, David"]
[WhiteFideId "1124943"]
[BlackFideId "2011611"]
[WhiteElo "2081"]
[BlackElo "2185"]
[Result "1-0"]
[Round "03"]
[TimeControl "180+1"]
[Date "2022.12.07"]
[WhiteClock "0:00:38"]
[BlackClock "0:00:04"]

1. e4 e5 2. Nf3 Nc6 3. d3 Nf6 4. g3 Bc5 5. Bg2 d6 6. O-O O-O 7. a3 a6 8. b4 Ba7 9. Bb2 Re8 10. Nbd2 d5 11. exd5 Nxd5 12. Re1 f6 13. Ne4 Bg4 14. h3 Bh5 15. g4 Bf7 16. c4 Nf4 17. Bf1 Nd4 18. c5 Bb3 19. Nxd4 Bxd1 20. Raxd1 exd4 21. Bc1 Ne6 22. Re2 Qd7 23. Rde1 Rad8 24. Bg2 Bb8 25. c6 bxc6 26. f4 Ba7 27. f5 Nf8 28. Bf4 c5 29. bxc5 Qb5 30. c6 Qxc6 31. Nxf6+ Qxf6 32. Rxe8 Rxe8 33. Rxe8 Kf7 34. Re2 g5 35. Bd5+ Kg7 36. Be5 1-0


[Site "https://www.chess.com"]

[Event "Titled Tuesday Blitz December 06 Early 2022"]
[White "Mikaelyan, Arman"]
[Black "Garv Gaur"]
[WhiteFideId "13304852"]
[BlackFideId "45030839"]
[WhiteElo "2456"]
[BlackElo "2056"]
[Result "1/2-1/2"]
[Round "03"]
[TimeControl "180+1"]
[Date "2022.12.07"]
[WhiteClock "0:00:04"]
[BlackClock "0:00:16"]

1. d4 Nf6 2. Bg5 d5 3. e3 Nbd7 4. Nf3 c6 5. Nbd2 e6 6. Bd3 h6 7. Bh4 Bd6 8. c3 Qc7 9. Bg3 e5 10. dxe5 Nxe5 11. Nxe5 Bxe5 12. Qc2 Be6 13. O-O-O O-O-O 14. Nf3 Bxg3 15. hxg3 Rhe8 16. Nd4 Bd7 17. Bf5 Ne4 18. g4 Kb8 19. Bxd7 Qxd7 20. Nf5 f6 21. f3 Nd6 22. e4 Nxf5 23. gxf5 Qc7 24. Kb1 dxe4 25. fxe4 Qf4 26. Rhe1 a6 27. Rd3 Kc7 28. Rf3 Qd6 29. a3 Re7 30. Qf2 Qd2 31. Re2 Qg5 32. Ka2 Rd1 33. Qc5 Re5 34. Qe3 Qh5 35. Rg3 Qf7+ 36. b3 Qd7 37. Kb2 Re7 38. Kc2 Rd6 39. Rd2 Rxd2+ 40. Qxd2 Qxd2+ 41. Kxd2 Kd6 42. Ke3 Ke5 43. Rg6 Rd7 44. a4 c5 45. a5 Rc7 46. Rg3 Rd7 47. Rg4 Rc7 48. Rg6 Rd7 49. g3 Rc7 50. Kf3 Rd7 51. Ke3 Rc7 52. Rg4 Rd7 53. Rh4 Rc7 54. Rh1 c4 55. b4 Rd7 56. Rb1 Rd3+ 57. Kf2 Kxe4 58. b5 Rxc3 59. Re1+ Kxf5 60. b6 Ra3 61. Re7 Rxa5 62. Rxg7 Rb5 63. Rxb7 c3 64. Rc7 Rxb6 65. Rxc3 Kg5 66. Rc5+ f5 67. Ra5 Rb2+ 68. Kf3 Rb3+ 69. Kf2 Rb6 70. Kf3 h5 71. Kg2 Rb2+ 72. Kf3 Rb3+ 73. Kg2 Rb4 74. Rxa6 Rb2+ 75. Kf3 Rb3+ 76. Kg2 h4 77. gxh4+ Kxh4 78. Ra4+ Kg5 79. Rc4 f4 80. Rc8 Kf5 81. Rf8+ Ke4 82. Re8+ Kd4 83. Kf2 Re3 84. Rxe3 fxe3+ 85. Ke2 Ke4 86. Ke1 Kd3 87. Kd1 e2+ 88. Ke1 Ke3 1/2-1/2


[Site "https://www.chess.com"]

[Event "Titled Tuesday Blitz December 06 Early 2022"]
[White "Mitrovic, Darko R"]
[Black "Hoffmann, Asa"]
[WhiteFideId "927023"]
[BlackFideId "2001470"]
[WhiteElo "2150"]
[BlackElo "2117"]
[Result "1/2-1/2"]
[Round "03"]
[TimeControl "180+1"]
[Date "2022.12.07"]
[WhiteClock "0:00:06"]
[BlackClock "0:00:52"]

1. d4 Nf6 2. f4 d6 3. e3 b6 4. c3 Bb7 5. Nf3 Nbd7 6. Nbd2 e5 7. Be2 e4 8. Ng5 h6 9. Nh3 d5 10. O-O c5 11. a3 a5 12. Nf2 Be7 13. b3 Ba6 14. Bxa6 Rxa6 15. Qe2 Ra7 16. Bb2 O-O 17. Rac1 Rc7 18. a4 Nb8 19. c4 Nc6 20. cxd5 Qxd5 21. dxc5 bxc5 22. Rfd1 Qe6 23. Qc4 Qxc4 24. Nxc4 Rb8 25. Bxf6 Bxf6 26. Nxe4 Rxb3 27. Nxc5 Rb4 28. Na6 Ra7 29. Nxb4 axb4 30. a5 Nxa5 31. Nxa5 Rxa5 32. Rb1 Bc3 33. Kf2 f5 34. Kf3 Kf7 35. Rd7+ Kf6 36. Rb7 Ra4 37. Rb6+ Kf7 38. Rb5 Kf6 39. Rb6+ Kf7 40. g4 fxg4+ 41. Kxg4 Ra2 42. h3 Re2 43. Kf3 Rh2 44. Kg3 Re2 45. Kf3 Rh2 46. Kg3 Re2 47. Kf3 1/2-1/2


[Site "https://www.chess.com"]

[Event "Titled Tuesday Blitz December 06 Early 2022"]
[White "Mkrtchian, Lilit"]
[Black "Simonovic, Miroslav"]
[WhiteFideId "13300601"]
[BlackFideId "919152"]
[WhiteElo "2316"]
[BlackElo "2057"]
[Result "1-0"]
[Round "03"]
[TimeControl "180+1"]
[Date "2022.12.07"]
[WhiteClock "0:00:08"]
[BlackClock "0:00:01"]

1. Nf3 c5 2. g3 Nc6 3. Bg2 e5 4. c4 g6 5. Nc3 Bg7 6. a3 Nge7 7. Rb1 a5 8. O-O O-O 9. Ne1 d6 10. Nc2 Be6 11. Ne3 f5 12. Ned5 e4 13. d3 exd3 14. Qxd3 Ne5 15. Qc2 Nxc4 16. Bg5 Nxd5 17. Bxd5 Qxg5 18. Bxe6+ Kh8 19. Bxc4 f4 20. a4 fxg3 21. hxg3 Bd4 22. Kg2 Rf5 23. e3 Bg7 24. Rbd1 Raf8 25. Nd5 Qg4 26. Qe2 Qe4+ 27. f3 Qe8 28. e4 Rh5 29. Rh1 Rxh1 30. Rxh1 Qxa4 31. Nf4 Rf6 32. Qd3 b5 33. Bd5 c4 34. Qd2 Qb4 35. Qxb4 axb4 36. Ra1 h5 37. Ra8+ Kh7 38. Rb8 c3 39. bxc3 bxc3 40. Rxb5 h4 41. Rb7 hxg3 42. Rc7 Rxf4 43. Rc4 1-0


[Site "https://www.chess.com"]

[Event "Titled Tuesday Blitz December 06 Early 2022"]
[White "Mohammed, Dilshad"]
[Black "Laylo, Darwin"]
[WhiteFideId "5050421"]
[BlackFideId "5201330"]
[WhiteElo "2102"]
[BlackElo "2335"]
[Result "0-1"]
[Round "03"]
[TimeControl "180+1"]
[Date "2022.12.07"]
[WhiteClock "0:00:45"]
[BlackClock "0:00:33"]

1. Nf3 Nf6 2. c4 g6 3. Nc3 d5 4. cxd5 Nxd5 5. Qa4+ c6 6. e4 Nxc3 7. dxc3 Bg7 8. Be3 O-O 9. Rd1 Qc7 10. Qc2 Nd7 11. Be2 Nf6 12. O-O Bg4 13. h3 Bxf3 14. Bxf3 Rfd8 15. Rfe1 Nd7 16. Qc1 Ne5 17. Be2 b6 18. Bf4 c5 19. Bxe5 Bxe5 20. Bc4 Kg7 21. Qe3 Bf4 22. Qf3 e6 23. h4 h5 24. g3 Bd2 25. Re2 Bh6 26. Ree1 a6 27. Rxd8 Rxd8 28. Bxa6 Rd2 29. Re2 Rd1+ 30. Kg2 Qa7 31. Bc4 b5 32. Bb3 Rb1 33. e5 c4 34. Qf6+ Kg8 35. Bc2 Rxb2 36. Qd8+ Bf8 37. Rd2 Rxa2 38. Rd7 Qc5 39. Qe8 Qc6+ 40. Kh2 Qf3 41. Rd2 Ra8 42. Qxb5 Qxc3 43. Re2 Qf3 44. Qxc4 Ra1 0-1


[Site "https://www.chess.com"]

[Event "Titled Tuesday Blitz December 06 Early 2022"]
[White "Molina, Roberto Junio Brito"]
[Black "Paravyan, David"]
[WhiteFideId "2109450"]
[BlackFideId "4194985"]
[WhiteElo "2376"]
[BlackElo "2551"]
[Result "0-1"]
[Round "03"]
[TimeControl "180+1"]
[Date "2022.12.06"]
[WhiteClock "0:00:26"]
[BlackClock "0:01:17"]

1. d4 Nf6 2. c4 g6 3. Nc3 d5 4. Nf3 Bg7 5. Qb3 c6 6. cxd5 Nxd5 7. e4 Nxc3 8. bxc3 O-O 9. Be3 c5 10. Rd1 cxd4 11. cxd4 Qa5+ 12. Bd2 Qb6 13. Bc4 Nc6 14. O-O Qxb3 15. Bxb3 Nxd4 16. Nxd4 Bxd4 17. Bb4 Bf6 18. f4 a5 19. Ba3 Bg4 20. Rd2 Bc3 21. Rd3 Bb4 22. Bxb4 axb4 23. Rd4 Be6 24. Bxe6 fxe6 25. Rxb4 Rxa2 26. Rxb7 Rc8 27. Kh1 Rcc2 28. Rg1 Kf7 29. h3 Rf2 30. Rc1 Rxf4 31. Rcc7 Rxe4 32. Rxe7+ Kf6 33. Rxh7 Re1+ 34. Kh2 Ree2 35. Rbf7+ Ke5 36. Kg3 Rxg2+ 37. Kf3 Raf2+ 38. Ke3 Rxf7 39. Rxf7 Rg3+ 0-1


[Site "https://www.chess.com"]

[Event "Titled Tuesday Blitz December 06 Early 2022"]
[White "Moroni, Luca Jr"]
[Black "sabkeIXO"]
[WhiteFideId "865834"]
[WhiteElo "2573"]
[BlackElo "2504"]
[Result "1-0"]
[Round "03"]
[TimeControl "180+1"]
[Date "2022.12.07"]
[WhiteClock "0:01:06"]
[BlackClock "0:00:26"]

1. d4 Nf6 2. Bf4 g6 3. Nc3 d5 4. e3 Bg7 5. Nb5 Na6 6. h3 O-O 7. Nf3 c6 8. Nc3 Nc7 9. Be2 Bf5 10. g4 Be4 11. Nxe4 Nxe4 12. h4 h6 13. c3 Ne6 14. Be5 f5 15. gxf5 Rxf5 16. Bxg7 Nxg7 17. Rg1 Qd6 18. Bd3 Raf8 19. Bxe4 dxe4 20. Ne5 Rxf2 21. Qg4 g5 22. hxg5 h5 23. Qxe4 Rxb2 24. Rf1 Rxf1+ 25. Kxf1 Qe6 26. Qf3 Rxa2 27. Rb1 b5 28. Kg1 Nf5 29. Rf1 Ng7 30. Qf8+ Kh7 31. g6+ Kh6 32. Qf4# 1-0


[Site "https://www.chess.com"]

[Event "Titled Tuesday Blitz December 06 Early 2022"]
[White "Movahed, Sina"]
[Black "Harikrishna, Pentala"]
[WhiteFideId "42520835"]
[BlackFideId "5007003"]
[WhiteElo "2225"]
[BlackElo "2617"]
[Result "1/2-1/2"]
[Round "03"]
[TimeControl "180+1"]
[Date "2022.12.06"]
[WhiteClock "0:00:51"]
[BlackClock "0:00:16"]

1. e4 c5 2. Nf3 e6 3. b3 a6 4. Bb2 Nc6 5. c4 Nf6 6. e5 Ng4 7. h3 Nh6 8. Bd3 b6 9. Be4 Bb7 10. O-O Qc7 11. Re1 Be7 12. Nc3 Nb4 13. Bb1 Nc6 14. Nd5 Qd8 15. Nxe7 Qxe7 16. d4 cxd4 17. Nxd4 Nxd4 18. Qxd4 Qg5 19. Be4 Bxe4 20. Qxe4 O-O 21. Rad1 Ra7 22. Bd4 Rb8 23. Be3 Qg6 24. Qxg6 hxg6 25. g4 Kf8 26. Rd6 Rab7 27. Red1 Ke8 28. c5 bxc5 29. Rxa6 Rc8 30. Rc1 Rbc7 31. Ra5 c4 32. Rxc4 Rxc4 33. bxc4 Ng8 34. Bc5 g5 35. Bd6 f6 36. Kg2 Nh6 37. Kf3 Rxc4 38. Ra8+ Kf7 39. Rd8 Rc3+ 40. Kg2 Kg6 41. Rxd7 f5 42. Bf8 fxg4 43. Rxg7+ Kf5 44. hxg4+ Nxg4 45. Rf7+ Kg6 46. Re7 Rc2 47. Kg3 Nxe5 48. Rxe6+ Kf5 49. Ra6 Rc3+ 50. Kg2 Nd3 51. Ra5+ Kg4 52. Bd6 Nf4+ 53. Bxf4 gxf4 54. Kf1 Kf3 55. Ke1 Rc1+ 56. Kd2 Rf1 57. a4 Rxf2+ 58. Kc3 Ra2 59. Kb3 Ra1 60. Rf5 Ke3 61. a5 f3 62. Kb4 f2 63. Kb5 f1=Q+ 64. Rxf1 Rxf1 65. a6 Rb1+ 66. Kc6 Rc1+ 67. Kb7 Rb1+ 68. Kc7 Rc1+ 69. Kb7 Rb1+ 70. Kc7 Ra1 71. Kb7 Kd4 72. a7 Kc5 73. a8=Q Rxa8 74. Kxa8 1/2-1/2


[Site "https://www.chess.com"]

[Event "Titled Tuesday Blitz December 06 Early 2022"]
[White "Muminova, Nafisa"]
[Black "Salem, A.R. Saleh"]
[WhiteFideId "14201526"]
[BlackFideId "9301348"]
[WhiteElo "2258"]
[BlackElo "2633"]
[Result "0-1"]
[Round "03"]
[TimeControl "180+1"]
[Date "2022.12.07"]
[WhiteClock "0:01:23"]
[BlackClock "0:01:39"]

1. e4 c5 2. Nf3 Nc6 3. Bb5 e6 4. Bxc6 bxc6 5. O-O d6 6. d3 e5 7. Nc3 h6 8. a3 a5 9. Be3 g5 10. Rb1 a4 11. b4 axb3 12. cxb3 Rxa3 13. Qc1 Ra6 14. b4 cxb4 15. Rxb4 d5 16. Nxd5 cxd5 17. Rb8 Ne7 18. Nxe5 Bg7 19. Bd4 O-O 20. Qc5 dxe4 21. dxe4 Ra5 22. Qc3 Rxe5 23. Bxe5 Bxe5 24. Qxe5 Nc6 25. Rxc8 Nxe5 26. Rxd8 Rxd8 27. f4 gxf4 0-1


[Site "https://www.chess.com"]